 Dungeon Crawl Stone Soup version 0.23.2-30-g0e89c35649 (webtiles) character file.

Game seed: 15485320747131580994

13664 wizzle the Fighter (level 12, -4/137 HPs)
             Began as an Ogre Wizard on June 7, 2019.
             Was an Elder of Okawaru.
             Slain by a tentacled monstrosity (8 damage)
             ... on level 1 of the Abyss.
             The game lasted 00:53:38 (13128 turns).

wizzle the Fighter (Ogre Wizard)                   Turns: 13128, Time: 00:53:39

Health: -4/137     AC:  7    Str: 18      XL:     12   Next: 8%
Magic:  24/24      EV: 11    Int: 24      God:    Okawaru [****..]
Gold:   724        SH:  0    Dex: 11 (12) Spells: 14/27 levels left

rFire    + . .     SeeInvis .   J - +2 short sword (venom)
rCold    . . .     Gourm    .   (no shield)
rNeg     . . .     Faith    .   m - +0 troll leather armour
rPois    .         Spirit   .   E - +1 hat
rElec    .         Reflect  .   B - scarf {repulsion}
rCorr    .         Harm     .   (gloves unavailable)
MR       +....                  (boots unavailable)
Stlth    ++........             t - amulet of regeneration
HPRegen  1.12/turn              H - ring of Koobimur {*Contam +Blink rF+ Int+5}
MPRegen  0.19/turn              A - +1 ring of protection

@: confused, agile, constricted, studying Staves, repel missiles
A: large, unfitting armour, tough skin 1
a: Heroism, Renounce Religion, Evoke Blink


You were on level 1 of the Abyss.
You worshipped Okawaru.
Okawaru was greatly pleased with you.
You were very hungry.

You visited 2 branches of the dungeon, and saw 11 of its levels.
You visited the Abyss 1 time.

You collected 724 gold pieces.

Inventory:

Hand Weapons
 f - a +0 dagger of venom
 v - a +4 scimitar of flaming
 x - a +1 flail of protection
 y - a +0 trident
 J - a +2 short sword of venom (weapon)
Missiles
 I - 3 tomahawks of returning
 N - 6 poisoned javelins (quivered)
 R - 2 large rocks
Armour
 a - a +0 robe
 b - a +0 cloak
 i - a +1 robe of fire resistance
 m - a +0 troll leather armour (worn)
 n - a scarf of resistance
 B - a scarf of repulsion (worn)
 E - a +1 hat (worn)
 Q - a +2 robe of magic resistance
Jewellery
 l - an uncursed ring of protection from fire
 t - an amulet of regeneration (around neck)
 A - a +1 ring of protection (right hand)
 H - the ring of Koobimur (left hand) {*Contam +Blink rF+ Int+5}
   (You found it on level 6 of the Dungeon)

   [ring of protection from fire]

   It affects your intelligence (+5).
   It protects you from fire.
   It lets you blink.
   It causes magical contamination when unequipped.
 L - a +4 ring of intelligence {unknown}
Wands
 k - a wand of enslavement (8)
 u - a wand of flame (30)
 K - a wand of polymorph (23)
 O - a wand of clouds (3)
Scrolls
 c - a scroll of enchant weapon {unknown}
 e - a scroll of teleportation
 g - a scroll of enchant armour {unknown}
 o - 2 scrolls of remove curse
 q - a scroll of fear {unknown}
 r - 2 scrolls of blinking
 s - 3 scrolls of amnesia
 z - a scroll of magic mapping {unknown}
 M - 2 scrolls of fog {unknown}
 S - a scroll of vulnerability {unknown}
Potions
 h - 3 potions of curing
 j - 2 potions of lignification
 p - a potion of agility
 w - a potion of flight
 C - 2 potions of brilliance
Books
 F - a manual of Staves
Comestibles
 d - 17 rations


   Skills:
 * Level 13.7 Fighting
 - Level 1.0 Throwing
 * Level 3.2 Armour
 - Level 1.7 Dodging
 - Level 1.4 Stealth
 - Level 8.4 Spellcasting
 - Level 6.0 Conjurations
 + Level 1.1 Hexes
 + Level 7.4 Summonings
 - Level 2.0 Translocations
 - Level 4.0 Fire Magic
 - Level 4.0 Air Magic
 - Level 4.0 Poison Magic
 * Level 4.9 Invocations


You had 14 spell levels left.
You knew the following spells:

 Your Spells              Type           Power        Failure   Level  Hunger
a - Magic Dart            Conj           ####         1%          1    None
b - Blink                 Tloc           N/A          4%          2    None
c - Call Imp              Summ           #####...     1%          2    None
d - Conjure Flame         Conj/Fire      ####....     2%          3    None
e - Mephitic Cloud        Conj/Pois/Air  ####....     3%          3    None
f - Confusing Touch       Hex            ###...       4%          1    None
g - Apportation           Tloc           ###...       3%          1    None

Your spell library contained the following spells:

 Spells                   Type           Power        Failure   Level  Hunger
 Summon Small Mammal      Summ           ####         1%          1    None
 Slow                     Hex            ###.....     7%          2    None
 Animate Skeleton         Necr           N/A          8%          1    None


Dungeon Overview and Level Annotations

Branches:
Dungeon (10/15)            Temple (1/1) D:7            Lair (0/6) D:9
    Orc (0/2) D:10

Altars:
Ashenzari
Cheibriados
Dithmenos
Elyvilon
Fedhas
Gozag
Hepliaklqana
Kikubaaqudgha
Makhleb
Nemelex Xobeh
Okawaru
Qazlal
Ru
Sif Muna
Trog
Uskayaw
Vehumet
Wu Jian
Xom
Yredelemnul
Zin
The Shining One

Shops:
D:9 ?

Annotations:
D:3 exclusion: downstairs
D:7 Gastronok
D:8 exclusion: downstairs


Innate Abilities, Weirdness & Mutations

You are too large for most types of armour.
You have tough skin. (AC +1)


Message History

The tentacled monstrosity tentacle-slaps you but does no damage.
The tentacled monstrosity tentacle-slaps you!
* * * LOW HITPOINT WARNING * * *
The tentacled monstrosity tentacle-slaps you but does no damage.
* * * LOW HITPOINT WARNING * * *
The tentacled monstrosity constricts you!
Okay, then.
You are confused.
You feel invigorated.
You feel less wooden.
Your scarf of repulsion unmelds from your body.
Your +1 hat unmelds from your body.
Your +0 troll leather armour unmelds from your body.
You are surrounded by a repulsion field.
The tentacled monstrosity tentacle-slaps you.
* * * LOW HITPOINT WARNING * * *
The tentacled monstrosity tentacle-slaps you.
* * * LOW HITPOINT WARNING * * *
The tentacled monstrosity tentacle-slaps you!
You die...

. . .
.# ..
. ## .
# .
... .
.. . #
# . ..
. . .'
' ..
#. . .
# .. .
...
..# '
# '
######
. #..
#
#.@..#
.
.#...
# .
##X###
..# #.
##..
#.
.###
.#.. .
### .#
# ....
#..
##.#
#. .
## .
.#
.#..#
#. .#
.. #.
# #
X### .


You could see a tentacled monstrosity.

Vanquished Creatures
  Harold (D:7)
  A centaur warrior (D:8)
  A death yak (D:9)
  Pikel (D:4)
  A deep elf mage (D:10)
  Psyche (D:8)
  An elephant (D:9)
  A komodo dragon (D:10)
  3 trolls (D:10)
  2 hippogriffs
  7 yaks
  A spriggan (D:8)
  A wyvern (D:10)
  A water moccasin (D:10)
  6 orc warriors
  4 ice beasts
  4 sky beasts
  8 ogres
  A centaur (D:10)
  2 crocodiles (D:9)
  3 big kobolds
  4 bullfrogs
  A scorpion (D:9)
  2 howler monkeys
  An electric eel (D:8)
  A centaur zombie (D:9)
  2 crimson imps
  2 hounds
  A quasit (Abyss:1)
  3 orc priests
  8 orc wizards
  3 centaur skeletons
  An iguana (D:10)
  A bullfrog skeleton (D:4)
  4 worker ants
  A worker ant zombie (D:5)
  3 gnolls (D:10)
  8 adders
  A shadow imp (D:6)
  2 oozes
  An adder skeleton (D:4)
  4 worms
  A dart slug (D:3)
  3 leopard geckos
  41 orcs
  A ball python (D:1)
  3 bats
  10 giant cockroaches
  6 goblins
  11 hobgoblins
  3 jackals (D:7)
  2 quokkas (D:6)
  8 frilled lizards
  17 kobolds
  2 rats
213 creatures vanquished.

Vanquished Creatures (collateral kills)
  Erica (D:10)
  Maurice (D:8)
  A wyvern (D:9)
  A hungry ghost (D:7)
  An orc warrior (D:10)
  An ice beast (D:10)
  An ogre (D:10)
  A big kobold (D:10)
  A bullfrog (D:6)
  A gnoll sergeant (D:10)
  A crimson imp (D:6)
  2 jellies
  An orc priest (D:5)
  A hound (D:4)
  A bullfrog skeleton (D:4)
  Crazy Yiuf (D:7)
  A worker ant (D:4)
  A hound zombie (D:5)
  2 adders
  A gnoll (D:10)
  5 orcs
27 creatures vanquished.

Vanquished Creatures (others)
  A hound (D:5)
  An adder (D:5)
2 creatures vanquished.

Grand Total: 242 creatures vanquished

Notes
Turn   | Place    | Note
-------+----------+-------------------------------------------
     0 | D:1      | wizzle the Ogre Wizard began the quest for the Orb.
     0 | D:1      | Reached XP level 1. HP: 16/16 MP: 5/5
   368 | D:1      | Reached XP level 2. HP: 26/26 MP: 2/7
   827 | D:1      | Learned a level 2 spell: Blink
   830 | D:1      | Learned a level 2 spell: Call Imp
  1040 | D:2      | Reached skill level 1 in Fighting
  1206 | D:2      | Reached XP level 3. HP: 32/33 MP: 9/9
  1373 | D:2      | Reached skill level 1 in Summonings
  1467 | D:2      | Reached skill level 1 in Translocations
  1621 | D:2      | Reached skill level 1 in Conjurations
  1621 | D:2      | Reached XP level 4. HP: 33/41 MP: 10/10
  2024 | D:2      | Found a faded altar of an unknown god.
  2271 | D:3      | Reached skill level 5 in Spellcasting
  2764 | D:3      | Found a sparkling altar of Nemelex Xobeh.
  3050 | D:4      | Reached skill level 2 in Fighting
  3050 | D:4      | Reached XP level 5. HP: 42/49 MP: 7/12
  3371 | D:3      | Learned a level 3 spell: Conjure Flame
  3632 | D:4      | Reached XP level 6. HP: 43/59 MP: 10/14
  3639 | D:4      | Reached skill level 3 in Fighting
  4348 | D:5      | Entered Level 5 of the Dungeon
  4354 | D:5      | Noticed Pikel
  4360 | D:5      | Noticed a slave
  4362 | D:5      | Noticed a slave
  4362 | D:5      | Noticed a slave
  4366 | D:5      | Noticed a slave
  4398 | D:4      | Killed Pikel
  4398 | D:4      | Reached skill level 5 in Fighting
  4398 | D:4      | Reached XP level 7. HP: 23/72 MP: 10/16
  4793 | D:5      | Reached XP level 8. HP: 80/80 MP: 3/18
  5155 | D:5      | Learned a level 3 spell: Mephitic Cloud
  5756 | D:6      | Reached skill level 6 in Fighting
  6109 | D:6      | Found a hide-covered altar of Uskayaw.
  6109 | D:6      | Found a shimmering altar of Xom.
  6114 | D:6      | Found a shadowy altar of Dithmenos.
  6581 | D:6      | Got a bound lapis lazuli ring
  6583 | D:6      | Identified the ring of Koobimur {*Contam +Blink rF+ Int+5}
                  | (You found it on level 6 of the Dungeon)
  6771 | D:7      | Noticed Harold
  6892 | D:7      | Found a staircase to the Ecumenical Temple.
  6901 | Temple   | Entered the Ecumenical Temple
  7040 | Temple   | Became a worshipper of Warmaster Okawaru
  7087 | D:7      | HP: 2/84 [Harold/+0 long sword (18)]
  7091 | D:7      | Killed Harold
  7091 | D:7      | Reached * piety under Okawaru
  7091 | D:7      | Reached ** piety under Okawaru
  7091 | D:7      | Reached skill level 8 in Fighting
  7091 | D:7      | Reached XP level 9. HP: 5/96 MP: 19/21
  7412 | D:7      | Found a stormy altar of Qazlal.
  7572 | D:7      | Reached skill level 1 in Poison Magic
  7771 | D:7      | Found a runed translucent door.
  7772 | D:7      | Noticed Crazy Yiuf
  7924 | D:7      | Killed Crazy Yiuf
  8055 | D:8      | Noticed Gastronok
  8392 | D:8      | Noticed Psyche
  8404 | D:8      | Reached skill level 1 in Invocations
  8471 | D:8      | Reached skill level 9 in Fighting
  8664 | D:8      | Killed Psyche
  8664 | D:8      | Reached skill level 1 in Air Magic
  8704 | D:8      | Reached skill level 11 in Fighting
  8704 | D:8      | Reached skill level 5 in Conjurations
  8704 | D:8      | Reached skill level 5 in Summonings
  8704 | D:8      | Reached XP level 10. HP: 114/114 MP: 22/22
  8833 | D:8      | Found a white marble altar of Elyvilon.
  8964 | D:8      | Noticed a centaur warrior
  8983 | D:8      | HP: 8/172 [centaur warrior (10)]
  8984 | D:8      | Killed a centaur warrior
  8984 | D:8      | Reached XP level 11. HP: 8/123 MP: 19/23
  9293 | D:8      | Reached skill level 12 in Fighting
  9662 | D:8      | Reached *** piety under Okawaru
  9921 | D:8      | Noticed Maurice
  9934 | D:8      | Killed Maurice
 10194 | D:9      | Found a staircase to the Lair.
 10194 | D:9      | Noticed a death yak
 10224 | D:9      | Killed a death yak
 10336 | D:9      | Reached **** piety under Okawaru
 10358 | D:9      | Found Laitwax's Magic Scroll Boutique.
 10366 | D:9      | Learned a level 1 spell: Confusing Touch
 11627 | D:9      | Learned a level 1 spell: Apportation
 11645 | D:10     | Entered Level 10 of the Dungeon
 11645 | D:10     | Noticed Erica
 11664 | D:10     | Killed Erica
 11664 | D:10     | Received a gift from Okawaru
 11701 | D:10     | Reached skill level 13 in Fighting
 11844 | D:10     | Noticed a deep elf mage
 11853 | D:10     | Killed a deep elf mage
 12238 | D:10     | Reached skill level 1 in Throwing
 12514 | D:10     | Found a staircase to the Orcish Mines.
 12591 | D:10     | Reached skill level 1 in Hexes
 12600 | D:10     | Reached XP level 12. HP: 126/136 MP: 11/24
 12880 | D:10     | Cast into level 1 of the Abyss (gnoll sergeant)
 12982 | Abyss:1  | Noticed a thrashing horror
 13063 | Abyss:1  | Noticed a tentacled monstrosity
 13123 | Abyss:1  | HP: 4/205 [tentacled monstrosity (7)]
 13128 | Abyss:1  | HP: 5/137 [tentacled monstrosity (1)]
 13128 | Abyss:1  | Slain by a tentacled monstrosity

Skill      XL: |  1  2  3  4  5  6  7  8  9 10 11 |
---------------+----------------------------------+-----
Spellcasting   | 4 5 6 8 |  8.4
Fighting       | 1 2 5 8 11 13 | 13.7
Summonings     | 1 2 3 4 5 7 |  7.4
Translocations | 1 2 |  2.0
Conjurations   | 1 2 3 5 6 |  6.0
Fire Magic     | 2 4 |  4.0
Poison Magic   | 3 4 |  4.0
Invocations    | 2 4 |  4.9
Air Magic      | 3 4 |  4.0
Armour         | 3 |  3.2
Throwing       | 1 |  1.0
Hexes          | 1 |  1.1
Dodging        | |  1.7
Stealth        | |  1.4

Action                   |  1- 3 |  4- 6 |  7- 9 | 10-12 || total
-------------------------+-------+-------+-------+-------++-------
Melee: Dagger            |    94 |   176 |   291 |       ||   561
       Unarmed           |     1 |       |       |       ||     1
       Short sword       |       |       |       |   433 ||   433
       Punch             |       |       |       |     5 ||     5
Throw: Javelin           |       |       |       |     7 ||     7
 Cast: Magic Dart        |    17 |    39 |    54 |    71 ||   181
       Call Imp          |       |    13 |    28 |    34 ||    75
       Blink             |       |     1 |       |     6 ||     7
       Conjure Flame     |       |       |     1 |     8 ||     9
       Mephitic Cloud    |       |       |    10 |    22 ||    32
       Confusing Touch   |       |       |       |    11 ||    11
Invok: Heroism           |       |       |     1 |     9 ||    10
  Use: Scroll            |       |       |     6 |     8 ||    14
       Potion            |       |       |     5 |     7 ||    12
 Stab: Sleeping          |     2 |     2 |     2 |       ||     6
       Confused          |       |       |     4 |    14 ||    18
  Eat: Chunk             |     2 |     9 |    11 |    13 ||    35
       Ration            |       |       |     1 |       ||     1
Armor: Robe              |    18 |    41 |   109 |    78 ||   246
       Troll leather arm |       |       |       |    38 ||    38
       Skin              |       |       |       |    60 ||    60
Dodge: Dodged            |    46 |   119 |   160 |   232 ||   557
       Deflected         |       |       |     4 |     5 ||     9
